 Dungeon Crawl Stone Soup version 0.31-a0-675-g238779eb0a (webtiles) character file.

Game seed: 14108000972610571462

513 qw the Shooter (level 7, 0/44 HPs)
             Began as a Gargoyle Hunter on Sept 5, 2023.
             Slain by a goblin
             ... wielding a +0 club
             ... led by Robin
              (4 damage)
             ... on level 3 of the Dungeon.
             The game lasted 00:00:40 (1933 turns).

qw the Shooter (Gargoyle Hunter)                    Turns: 1933, Time: 00:00:41

Health: 0/44       AC: 14    Str: 24    XL:     7   Next: 19%
Magic:  7/7        EV: 11    Int:  9    God:
Gold:   119        SH:  0    Dex: 14    Spells: 6/6 levels left

rFire   . . .        j - +0 shortbow (heavy)
rCold   . . .        (shield currently unavailable)
rNeg    + . .        m - +4 ring mail {Will+}
rPois   inf          (no helmet)
rElec   +            (no cloak)
rCorr   .            (no gloves)
SInv    .            (no boots)
Will    +....        (no amulet)
Stlth   +            i - +6 ring of strength
HPRegen 0.27/turn    (no ring)
MPRegen 0.10/turn

%: no passive effects
@: no status effects
A: sickness immunity, AC +4, negative energy resistance 1, electricity
resistance, torment resistance 1, petrification resistance, strong 1, subdued
magic 1
a: no special abilities


You were on level 3 of the Dungeon.
You visited 1 branch of the dungeon, and saw 3 of its levels.

You collected 119 gold pieces.


Innate Abilities, Weirdness & Mutations

You are immune to sickness and miasma.
Your stone body is resilient. (AC +4)
You are immune to poison.
You resist negative energy. (rN+)
You are resistant to electric shocks. (rElec)
You are resistant to unholy torment.
You are immune to petrification.
Your muscles are strong. (Str +4, Int/Dex -1)
Your spells are a little easier to cast, but a little less powerful.


   Skills:
 - Level 5.0 Fighting
 + Level 7.1 Ranged Weapons
 - Level 1.3 Armour
 - Level 1.5 Dodging
 - Level 1.1 Stealth


You had 6 spell levels left.
You didn't know any spells.
Your spell library was empty.

Inventory:

Hand Weapons
 j - a +0 heavy shortbow (weapon)
Armour
 m - a +4 ring mail of willpower (worn)
Jewellery
 i - a +6 ring of strength (left hand)
Scrolls
 c - 2 scrolls of identify
Potions
 a - a potion of heal wounds {unknown}
 b - a potion of mutation
 d - a potion of haste {unknown}
 f - a potion of curing {unknown}
 g - a potion of experience {unknown}
 k - a potion of resistance
 l - a potion of enlightenment {unknown}

Dungeon Overview and Level Annotations

Branches:
Dungeon (3/15)

Altars:
Ashenzari


Message History

You shoot an arrow. The arrow hits the goblin.
The goblin is moderately wounded.
The goblin closely misses you.
Robin flexes a bicep menacingly.
Robin roars a battlecry!
The goblin goes into a battle-frenzy!
The goblin barely misses you. The goblin closely misses you.
The goblin barely misses you.
The goblin hits you with a +0 dagger of speed. x2
The goblin hits you but does no damage. x2; The goblin hits you with a +0 club.
You shoot an arrow.
The arrow hits the goblin but does no damage.
The goblin is moderately wounded.
The goblin no longer looks unusually strong.
The goblin hits you but does no damage. The goblin hits you with a +0 dagger.
The goblin hits you but does no damage. The goblin closely misses you.
The goblin hits you but does no damage. x2
You shoot an arrow. The arrow hits the goblin!
You kill the goblin!
The goblin hits you but does no damage. The goblin hits you with a +0 dagger.
Robin roars a battlecry!
The goblin goes into a battle-frenzy!
The goblin hits you but does no damage. x3
You shoot an arrow.
The arrow hits Robin but does no damage.
The goblin no longer looks unusually strong.
The goblin closely misses you. Robin completely misses you.
The goblin completely misses you. The goblin closely misses you.
The goblin hits you but does no damage. x3
You shoot an arrow. The arrow hits Robin.
Robin is moderately wounded.
The goblin closely misses you. Robin hits you but does no damage.
The goblin hits you but does no damage. x2
You shoot an arrow. The arrow hits Robin!
You kill Robin!
The goblin no longer looks unusually strong.
The goblin barely misses you. The goblin hits you but does no damage.
The goblin closely misses you.
The goblin hits you but does no damage. x2
The goblin hits you with a +0 club.
You die...

#._.#.......### #.#.
?.l###.......####.#.
####.###.......>....
#.#....#####.####.##
##.##......#..###
#...#...........#
##...##.....#.##.#
#...gg#.....#.# .#
#..gg@#.....#.# .#
......#g#####...# .#
##.## #.# ###.# .#
#.# #.# .. #.# #.#
## #.# #.# #.# #.#
#.#######.#
#.........#


You could see 5 goblins.

Vanquished Creatures
  Grinder (D:3)
  Sigmund (D:3)
  Jessica (D:3)
  Ijyb (D:3)
  An orc wizard (D:3)
  Robin (D:3)
  3 adders
  A worm (D:2)
  A dart slug (D:2)
  6 orcs (D:3)
  2 bats (D:2)
  7 endoplasms
  2 giant cockroaches (D:3)
  5 goblins
  3 hobgoblins
  A kobold (D:2)
  2 quokkas (D:2)
  2 ball pythons
  A frilled lizard (D:2)
  4 rats
46 creatures vanquished.

Notes
Turn   | Place    | Note
-------+----------+-------------------------------------------
     0 | D:1      | qw the Gargoyle Hunter began the quest for the Orb.
     0 | D:1      | Reached XP level 1. HP: 12/12 MP: 1/1
     0 | D:1      | 0 ||| qw: Version: 0.3-a-75-g829b12e
     0 | D:1      | 0 ||| qw: Game counter: 55
     0 | D:1      | 0 ||| qw: Melee chars always use a shield: true
     0 | D:1      | 0 ||| qw: God list: Okawaru
     0 | D:1      | 0 ||| qw: Allow faded altars: false
     0 | D:1      | 0 ||| qw: Do Orc after clearing Dungeon:15 true
     0 | D:1      | 0 ||| qw: Do second Lair branch before Depths: true
     0 | D:1      | 0 ||| qw: Lair rune preference: random
     0 | D:1      | 0 ||| qw: Goals: Normal
     0 | D:1      | 0 ||| PLANNING D:1-11
   225 | D:1      | Reached XP level 2. HP: 17/17 MP: 2/2
   477 | D:1      | 477 ||| UPGRADING to +0 ring mail of cold resistance.
   487 | D:1      | 487 ||| DROPPING +0 leather armour.
   488 | D:1      | 488 ||| UPGRADING to +6 ring of strength.
   489 | D:1      | 489 ||| READING scroll labelled YJUKUSTEXZI.
   490 | D:1      | 490 ||| READING scroll labelled ENODEPS ROHASCH.
   491 | D:1      | 491 ||| READING scroll labelled WOEPSIXZIO.
   492 | D:1      | 492 ||| DROPPING scroll of butterflies.
   620 | D:2      | Reached skill level 1 in Armour
   792 | D:2      | Reached XP level 3. HP: 21/21 MP: 3/3
  1031 | D:2      | Found a faded altar of an unknown god.
  1119 | D:2      | Reached skill level 5 in Ranged Weapons
  1358 | D:2      | 1358 ||| UPGRADING to +4 ring mail of willpower.
  1368 | D:2      | 1368 ||| DROPPING +0 ring mail of cold resistance.
  1369 | D:2      | 1369 ||| READING scroll labelled OQYRESHR UCHUS.
  1370 | D:2      | 1370 ||| READING scroll labelled CEINO HYWK.
  1375 | D:2      | 1375 ||| DRINKING 2 murky pink potions.
  1375 | D:2      | Gained mutation: Your spells are a little easier to cast,
                  | but a little less powerful. [potion of mutation]
  1375 | D:2      | Gained mutation: Your muscles are strong. (Str +4, Int/Dex
                  | -1) [potion of mutation]
  1376 | D:2      | 1376 ||| DRINKING 2 fuming white potions.
  1413 | D:3      | Noticed Ijyb
  1423 | D:3      | Paralysed by Ijyb for 4 turns
  1430 | D:3      | Killed Ijyb
  1431 | D:3      | Reached skill level 3 in Fighting
  1431 | D:3      | Reached XP level 4. HP: 11/28 MP: 4/4
  1522 | D:3      | Noticed Jessica
  1523 | D:3      | Killed Jessica
  1666 | D:3      | Reached XP level 5. HP: 32/32 MP: 5/5
  1779 | D:3      | Noticed Sigmund
  1793 | D:3      | Killed Sigmund
  1794 | D:3      | Reached skill level 7 in Ranged Weapons
  1794 | D:3      | Reached XP level 6. HP: 22/37 MP: 6/6
  1868 | D:3      | Found a broken altar of Ashenzari.
  1908 | D:3      | Noticed Robin
  1909 | D:3      | Noticed Grinder
  1923 | D:3      | Killed Grinder
  1924 | D:3      | Reached XP level 7. HP: 13/44 MP: 7/7
  1925 | D:3      | HP: 10/44 [goblin/+0 club[Robin] (4)]
  1929 | D:3      | HP: 3/44 [goblin/+0 dagger[Robin] (2)]
  1933 | D:3      | Killed Robin
  1933 | D:3      | Slain by a goblin

Levels and vault maps discovered:
D:1:      minmay_arrival_three_doors, layout_rooms, nicolae_eternal_life
D:2:      layout_basic, ebering_ecumenical_altar_sacrificial
D:3:      layout_loops_ring, nicolae_ashenzari_panopticon, uniq_jessica,
          uniq_ijyb, uniq_grinder, uniq_sigmund, uniq_robin

Skill      XL: |  1  2  3  4  5  6 |
---------------+-------------------+-----
Armour         | 1 |  1.3
Ranged Weapons | 5 7 |  7.1
Fighting       | 3 5 |  5.0
Dodging        | |  1.5
Stealth        | |  1.1

Action                     |  1- 3 |  4- 6 |  7- 9 || total
---------------------------+-------+-------+-------++-------
   Fire: Shortbow          |    76 |    60 |    10 ||   146
    Use: Scroll            |     5 |       |       ||     5
         Potion            |     2 |       |       ||     2
 Armour: Leather armour    |     3 |       |       ||     3
         Ring mail         |    19 |    64 |    39 ||   122
  Dodge: Dodged            |    20 |    49 |    26 ||    95

Table legend:
 A = Non-vault XP
 B = Vault XP
 C = Vault XP percentage of total XP
 D = Non-vault monster count
 E = Vault monster count
 F = Vault count percentage of total count
                 A         B        C        D         E       F
            +---------+---------+-------+---------+---------+-------
      Total |     141 |     607 |  81.1 |      36 |      10 |  21.7
            +---------+---------+-------+---------+---------+-------
        D:1 |      14 |       0 |   0.0 |       8 |       0 |   0.0
        D:2 |      56 |       0 |   0.0 |      17 |       0 |   0.0
        D:3 |      71 |     607 |  89.5 |      11 |      10 |  47.6
            +---------+---------+-------+---------+---------+-------
